| TOP OF THE 1ST |
|
Buffalo Bisons batting - Pitching for Columbus Jets : LHP Larry Edwards
|
|
Pitching: LHP Larry Edwards
|
|
|
Batting: LHB Doe Boyland
|
0-0: Ball 1-0: Foul Ball, location: 2F 1-1: Swinging Strike 1-2: Strikes out swinging
|
|
Batting: RHB Pat Keedy
|
0-0: Ball 1-0: Ball 2-0: Ball 3-0: Called Strike 3-1: Base on Balls
|
|
Batting: RHB John Seefried
|
0-0: Ball 1-0: Called Strike 1-1: Foul Ball, location: 2F 1-2: SINGLE (Groundball, 34D, EV 95.6 MPH) Pat Keedy to second Pat Keedy to third
|
|
Batting: LHB Gary Rajsich
|
0-0: Ball 1-0: Foul Ball, location: 2F 1-1: Fly out, F7 (Flyball, 7LS, EV 85.0 MPH)
|
|
Batting: RHB Stephen Chandler
|
0-0: Foul Ball, location: 2F 0-1: Ball 1-1: Ball 2-1: Ground out 4-3 (Groundball, 4, EV 106.9 MPH)
|
| Top of the 1st over - 0 runs, 1 hit, 0 errors, 2 left on base; Buffalo 0 - Columbus 0 |
| BOTTOM OF THE 1ST |
|
Columbus Jets batting - Pitching for Buffalo Bisons : RHP Rick Ownbey
|
|
Pitching: RHP Rick Ownbey
|
|
|
Batting: RHB Greg Schultz
|
0-0: Ball 1-0: Called Strike 1-1: Ball 2-1: Ball 3-1: Base on Balls
|
|
Batting: RHB Jim Maler
|
0-0: Ball 1-0: Ball 2-0: SINGLE (Line Drive, 9LS, EV 96.3 MPH) Greg Schultz to second Runner from 2nd tries for 3rd, SAFE, no throw by RF
|
|
Batting: RHB Danny Tartabull
|
0-0: Ball 1-0: Foul Ball, location: 2F 1-1: Called Strike 1-2: Strikes out swinging
|
|
Batting: LHB Larry Sheets
|
0-0: Called Strike 0-1: Ball 1-1: Swinging Strike 1-2: Foul Ball, location: 2F 1-2: Strikes out swinging
|
|
Batting: RHB Jackie Gutierrez
|
0-0: Fly out, F7 (Flyball, 7S, EV 85.6 MPH)
|
| Bottom of the 1st over - 0 runs, 1 hit, 0 errors, 2 left on base; Buffalo 0 - Columbus 0 |
| TOP OF THE 2ND |
|
Buffalo Bisons batting - Pitching for Columbus Jets : LHP Larry Edwards
|
|
Batting: LHB Phillip Baskerville
|
0-0: Ball 1-0: Ball 2-0: Called Strike 2-1: Foul Ball, location: 2F 2-2: Ball 3-2: Base on Balls
|
|
Batting: RHB Nicholas Kintz
|
0-0: Ball 1-0: Ball 2-0: Ball 3-0: Base on Balls Phillip Baskerville to second
|
|
Batting: RHB John Denman
|
0-0: Called Strike 0-1: Called Strike 0-2: Strikes out swinging
|
|
Batting: RHB Pat Callahan
|
0-0: Ball 1-0: Swinging Strike 1-1: Ball 2-1: Ball 3-1: Base on Balls Phillip Baskerville to third Nicholas Kintz to second
|
|
Batting: LHB Doe Boyland
|
0-0: Called Strike 0-1: Ball 1-1: Swinging Strike 1-2: Ball Wild Pitch! Phillip Baskerville scores Nicholas Kintz to third Pat Callahan to second 2-2: Foul Ball, location: 2F 2-2: Ball 3-2: Fly out, F9 (Line Drive, 9D, EV 104.4 MPH) Runner from 3rd tags up, SCORES, no throw by RF
|
|
Batting: RHB Pat Keedy
|
0-0: Called Strike 0-1: Ball 1-1: Fly out, F8 (Flyball, 8RM, EV 80.0 MPH)
|
| Top of the 2nd over - 2 runs, 0 hits, 0 errors, 1 left on base; Buffalo 2 - Columbus 0 |
| BOTTOM OF THE 2ND |
|
Columbus Jets batting - Pitching for Buffalo Bisons : RHP Rick Ownbey
|
|
Batting: LHB Paul Hollins
|
0-0: Called Strike 0-1: Ball 1-1: Called Strike 1-2: Ground out 4-3 (Groundball, 4M, EV 86.3 MPH)
|
|
Batting: RHB Michael Ventress
|
0-0: Ball 1-0: Called Strike 1-1: Foul Ball, location: 2F 1-2: Foul Ball, location: 2F 1-2: Ball 2-2: Foul Ball, location: 2F 2-2: Ground out 4-3 (Groundball, 4, EV 80.0 MPH)
|
|
Batting: RHB Glenn Goya
|
0-0: Called Strike 0-1: Ball 1-1: Foul Ball, location: 2F 1-2: Ball 2-2: Ball 3-2: Ground out 6-3 (Groundball, 56, EV 108.8 MPH)
|
| Bottom of the 2nd over - 0 runs, 0 hits, 0 errors, 0 left on base; Buffalo 2 - Columbus 0 |
| TOP OF THE 3RD |
|
Buffalo Bisons batting - Pitching for Columbus Jets : LHP Larry Edwards
|
|
Batting: RHB John Seefried
|
0-0: Ball 1-0: Called Strike 1-1: Ball 2-1: Foul Ball, location: 2F 2-2: Ball 3-2: Ground out 6-3 (Groundball, 6, EV 85.0 MPH)
|
|
Batting: LHB Gary Rajsich
|
0-0: Called Strike 0-1: Ball 1-1: Ball 2-1: Foul Ball, location: 2F 2-2: Fly out, F7 (Flyball, 7, EV 93.1 MPH)
|
|
Batting: RHB Stephen Chandler
|
0-0: Ball 1-0: Ball 2-0: Foul Ball, location: 2F 2-1: Called Strike 2-2: Ball 3-2: Base on Balls
|
|
Batting: LHB Phillip Baskerville
|
0-0: Called Strike 0-1: Ball 1-1: Ball 2-1: Foul Ball, location: 2F 2-2: Fielders Choice at 2nd, 4-6 (Groundball, 4MD, EV 81.3 MPH)
|
| Top of the 3rd over - 0 runs, 0 hits, 0 errors, 1 left on base; Buffalo 2 - Columbus 0 |
| BOTTOM OF THE 3RD |
|
Columbus Jets batting - Pitching for Buffalo Bisons : RHP Rick Ownbey
|
|
Batting: RHB Ray Smith
|
0-0: Ground out 6-3 (Groundball, 6, EV 76.3 MPH)
|
|
Batting: RHB Greg Schultz
|
0-0: Called Strike 0-1: Swinging Strike 0-2: Ground out 4-3 (Groundball, 4, EV 89.4 MPH)
|
|
Batting: RHB Jim Maler
|
0-0: Foul Ball, location: 2F 0-1: Ball 1-1: Fly out, F9 (Flyball, 9S, EV 93.1 MPH)
|
| Bottom of the 3rd over - 0 runs, 0 hits, 0 errors, 0 left on base; Buffalo 2 - Columbus 0 |
| TOP OF THE 4TH |
|
Buffalo Bisons batting - Pitching for Columbus Jets : LHP Larry Edwards
|
|
Batting: RHB Nicholas Kintz
|
0-0: Ball 1-0: Swinging Strike 1-1: Swinging Strike 1-2: Fly out, F7 (Line Drive, 7, EV 102.5 MPH)
|
|
Batting: RHB John Denman
|
0-0: Ball 1-0: Called Strike 1-1: Ground out 5-3 (Groundball, 56S, EV 83.8 MPH)
|
|
Batting: RHB Pat Callahan
|
0-0: Ball 1-0: Ball 2-0: Ball 3-0: Base on Balls
|
|
Batting: LHB Doe Boyland
|
0-0: Called Strike 0-1: Swinging Strike 0-2: Ball 1-2: Strikes out swinging
|
| Top of the 4th over - 0 runs, 0 hits, 0 errors, 1 left on base; Buffalo 2 - Columbus 0 |
| BOTTOM OF THE 4TH |
|
Columbus Jets batting - Pitching for Buffalo Bisons : RHP Rick Ownbey
|
|
Batting: RHB Danny Tartabull
|
0-0: Ground out 6-3 (Groundball, 6, EV 100.6 MPH)
|
|
Batting: LHB Larry Sheets
|
0-0: Ball 1-0: Fly out, F6 (Popup, P, EV 91.9 MPH)
|
|
Batting: RHB Jackie Gutierrez
|
0-0: Ball 1-0: Called Strike 1-1: Called Strike 1-2: Foul Ball, location: 2F 1-2: Strikes out swinging
|
| Bottom of the 4th over - 0 runs, 0 hits, 0 errors, 0 left on base; Buffalo 2 - Columbus 0 |
| TOP OF THE 5TH |
|
Buffalo Bisons batting - Pitching for Columbus Jets : LHP Larry Edwards
|
|
Batting: RHB Pat Keedy
|
0-0: Called Strike 0-1: Ball 1-1: Called Strike 1-2: Strikes out looking
|
|
Batting: RHB John Seefried
|
0-0: Called Strike 0-1: Ball 1-1: Ball 2-1: Reached on error, E1 (Groundball, 13S, EV 61.3 MPH)
|
|
Batting: LHB Gary Rajsich
|
0-0: Called Strike 0-1: Ball 1-1: Called Strike 1-2: Fly out, F5 (Popup, 56, EV 65.6 MPH)
|
|
Batting: RHB Stephen Chandler
|
0-0: Intentional Walk
|
|
Batting: LHB Phillip Baskerville
|
0-0: TRIPLE (Flyball, 89XD, EV 93.1 MPH) John Seefried scores Stephen Chandler scores
|
|
Batting: RHB Nicholas Kintz
|
0-0: Foul Ball, location: 2F 0-1: Swinging Strike 0-2: Strikes out looking
|
| Top of the 5th over - 2 runs, 1 hit, 1 error, 1 left on base; Buffalo 4 - Columbus 0 |
| BOTTOM OF THE 5TH |
|
Columbus Jets batting - Pitching for Buffalo Bisons : RHP Rick Ownbey
|
|
Batting: LHB Paul Hollins
|
0-0: Ball 1-0: Ball 2-0: Foul Ball, location: 2F 2-1: Ball 3-1: Foul Ball, location: 2F 3-2: Foul Ball, location: 2F 3-2: Base on Balls
|
|
Batting: RHB Michael Ventress
|
0-0: Ball 1-0: Sac Bunt to 2L - play at first, batter OUT! 2-4 Paul Hollins to second
|
|
Batting: RHB Glenn Goya
|
0-0: Ball 1-0: Ball 2-0: Foul Ball, location: 2F 2-1: Fly out, F9 (Flyball, 9, EV 93.8 MPH)
|
|
Batting: RHB Ray Smith
|
0-0: Ball 1-0: Foul Ball, location: 2F 1-1: Called Strike 1-2: Ball 2-2: Foul Ball, location: 2F 2-2: Strikes out swinging
|
| Bottom of the 5th over - 0 runs, 0 hits, 0 errors, 1 left on base; Buffalo 4 - Columbus 0 |
| TOP OF THE 6TH |
|
Buffalo Bisons batting - Pitching for Columbus Jets : LHP Larry Edwards
|
|
Batting: RHB John Denman
|
0-0: Ball 1-0: Called Strike 1-1: Ball 2-1: Foul Ball, location: 2F 2-2: Foul Ball, location: 2F 2-2: Ball 3-2: Strikes out swinging
|
|
Batting: RHB Pat Callahan
|
0-0: Ball 1-0: Foul Ball, location: 2F 1-1: Ground out U3 (Groundball, 34S, EV 84.4 MPH)
|
|
Batting: LHB Doe Boyland
|
0-0: Called Strike 0-1: Ball 1-1: Foul Ball, location: 2F 1-2: Fly out, F7 (Flyball, 78D, EV 97.5 MPH)
|
| Top of the 6th over - 0 runs, 0 hits, 0 errors, 0 left on base; Buffalo 4 - Columbus 0 |
| BOTTOM OF THE 6TH |
|
Columbus Jets batting - Pitching for Buffalo Bisons : RHP Rick Ownbey
|
|
Batting: RHB Greg Schultz
|
0-0: Foul Ball, location: 2F 0-1: Ball 1-1: Called Strike 1-2: Strikes out looking
|
|
Batting: RHB Jim Maler
|
0-0: Ball 1-0: Called Strike 1-1: Foul Ball, location: 2F 1-2: Fly out, F8 (Line Drive, 8LD, EV 94.4 MPH)
|
|
Batting: RHB Danny Tartabull
|
0-0: Fly out, F8 (Flyball, 8LM, EV 81.9 MPH)
|
| Bottom of the 6th over - 0 runs, 0 hits, 0 errors, 0 left on base; Buffalo 4 - Columbus 0 |
| TOP OF THE 7TH |
|
Buffalo Bisons batting - Pitching for Columbus Jets : LHP Larry Edwards
|
|
Batting: RHB Pat Keedy
|
0-0: Called Strike 0-1: Fly out, F7 (Flyball, 7S, EV 81.3 MPH)
|
|
Pitching: RHP Freddy Laro
|
|
|
Batting: RHB John Seefried
|
0-0: SOLO HOME RUN (Flyball, 7D, EV 98.8 MPH), Distance : 360 ft
|
|
Batting: LHB Gary Rajsich
|
0-0: Called Strike 0-1: Ball 1-1: Swinging Strike 1-2: Ground out 4-3 (Groundball, 4, EV 79.4 MPH)
|
|
Batting: RHB Stephen Chandler
|
0-0: Called Strike 0-1: Foul Ball, location: 2F 0-2: Ball 1-2: Foul Ball, location: 2F 1-2: Ball 2-2: Strikes out swinging
|
| Top of the 7th over - 1 run, 1 hit, 0 errors, 0 left on base; Buffalo 5 - Columbus 0 |
| BOTTOM OF THE 7TH |
|
Columbus Jets batting - Pitching for Buffalo Bisons : RHP Rick Ownbey
|
|
Batting: LHB Larry Sheets
|
0-0: Ball 1-0: Ball 2-0: Called Strike 2-1: Foul Ball, location: 2F 2-2: Ball 3-2: Foul Ball, location: 2F 3-2: Strikes out swinging
|
|
Batting: RHB Jackie Gutierrez
|
0-0: Ground out 5-3 (Groundball, 5, EV 88.1 MPH)
|
|
Batting: LHB Paul Hollins
|
0-0: Called Strike 0-1: Ball 1-1: Foul Ball, location: 2F 1-2: Foul Ball, location: 2F 1-2: Ball 2-2: Fly out, F7 (Flyball, 7LM, EV 101.9 MPH)
|
| Bottom of the 7th over - 0 runs, 0 hits, 0 errors, 0 left on base; Buffalo 5 - Columbus 0 |
| TOP OF THE 8TH |
|
Buffalo Bisons batting - Pitching for Columbus Jets : RHP Freddy Laro
|
|
Batting: LHB Phillip Baskerville
|
0-0: Foul Ball, location: 2F 0-1: Ball 1-1: Swinging Strike 1-2: Strikes out swinging
|
|
Batting: RHB Nicholas Kintz
|
0-0: Fly out, F7 (Line Drive, 7, EV 95.0 MPH)
|
|
Pitching: RHP Jose Alonso
|
|
|
Batting: RHB John Denman
|
0-0: Swinging Strike 0-1: Fly out, F6 (Line Drive, 6, EV 66.3 MPH)
|
| Top of the 8th over - 0 runs, 0 hits, 0 errors, 0 left on base; Buffalo 5 - Columbus 0 |
| BOTTOM OF THE 8TH |
|
Columbus Jets batting - Pitching for Buffalo Bisons : RHP Rick Ownbey
|
|
Batting: RHB Michael Ventress
|
0-0: Ball 1-0: SINGLE (Line Drive, 6MD, EV 110.6 MPH)
|
|
Batting: RHB Glenn Goya
|
0-0: Ball 1-0: Swinging Strike 1-1: Ball 2-1: SINGLE (Groundball, 56D, EV 94.4 MPH) Michael Ventress to second Michael Ventress to third
|
|
Batting: RHB Ray Smith
|
0-0: Swinging Strike 0-1: SINGLE (Line Drive, 4MD, EV 104.4 MPH) Michael Ventress scores Glenn Goya to second
|
|
Batting: RHB Greg Schultz
|
0-0: Ball 1-0: Fly out, F5 (Popup, 5SF, EV 71.3 MPH)
|
|
Batting: RHB Jim Maler
|
0-0: Ball 1-0: Ball 2-0: Foul Ball, location: 2F 2-1: DOUBLE (Line Drive, 9LM, EV 108.8 MPH) Glenn Goya scores Ray Smith to third Runner from 3rd tries for Home, SAFE, throw by RF to trailing runner, OUT at third! 9-3-5
|
|
Batting: RHB Danny Tartabull
|
0-0: Foul Ball, location: 2F 0-1: Foul Ball, location: 2F 0-2: Ball 1-2: Ball 2-2: Ground out 6-3 (Groundball, 6, EV 100.0 MPH)
|
| Bottom of the 8th over - 3 runs, 4 hits, 0 errors, 0 left on base; Buffalo 5 - Columbus 3 |
| TOP OF THE 9TH |
|
Buffalo Bisons batting - Pitching for Columbus Jets : RHP Jose Alonso
|
|
Batting: RHB Pat Callahan
|
0-0: Called Strike 0-1: Called Strike 0-2: Ball 1-2: Ball 2-2: Strikes out swinging
|
|
Batting: LHB Doe Boyland
|
0-0: Called Strike 0-1: Foul Ball, location: 2F 0-2: Strikes out swinging
|
|
Batting: RHB Pat Keedy
|
0-0: Ball 1-0: Foul Ball, location: 2F 1-1: Ball 2-1: Ball 3-1: Base on Balls
|
|
Batting: RHB John Seefried
|
0-0: Ball 1-0: Called Strike 1-1: SINGLE (Groundball, 56S, EV 62.5 MPH) (infield hit) Pat Keedy to second
|
|
Pitching: RHP Owen Foley
|
|
|
Batting: LHB Gary Rajsich
|
0-0: Ground out 4-3 (Groundball, 4, EV 77.5 MPH)
|
| Top of the 9th over - 0 runs, 1 hit, 0 errors, 2 left on base; Buffalo 5 - Columbus 3 |
| BOTTOM OF THE 9TH |
|
Columbus Jets batting - Pitching for Buffalo Bisons : RHP Rick Ownbey
|
|
Pitching: LHP Buddy Black
|
|
|
Batting: LHB Larry Sheets
|
0-0: Ball 1-0: Ball 2-0: Ball 3-0: Called Strike 3-1: Base on Balls
|
|
Batting: RHB Jackie Gutierrez
|
0-0: SINGLE (Groundball, 6MD, EV 106.9 MPH) Larry Sheets to second
|
|
Pinch Hitting: RHB Jorge Martinez
|
0-0: Bunt missed! 0-1: Sac Bunt to 13S - play at first, batter OUT! 1-4 Larry Sheets to third Jackie Gutierrez to second
|
|
Batting: RHB Michael Ventress
|
0-0: Swinging Strike 0-1: Ball 1-1: Ball 2-1: Fly out, F9 (Flyball, 9LM, EV 88.8 MPH)
|
|
Batting: RHB Glenn Goya
|
0-0: Called Strike 0-1: Foul Ball, location: 2F 0-2: Ground out 6-3 (Groundball, 6M, EV 90.0 MPH)
|
| Bottom of the 9th over - 0 runs, 1 hit, 0 errors, 2 left on base; Buffalo 5 - Columbus 3 |
|